 Dungeon Crawl Stone Soup version 0.19-a0-1907-gcff654f (webtiles) character file.

6319 jerryfan the Spear-Bearer (level 10, -4/135 HPs)
             Began as a Black Draconian Berserker on Oct 14, 2016.
             Was an Elder of Trog.
             Slain by an ogre
             ... wielding a +0 giant club
             ... summoned by the player character
              (28 damage)
             ... on level 8 of the Dungeon on Oct 21, 2016.
             The game lasted 01:01:37 (9298 turns).

jerryfan the Spear-Bearer (DrBe)                    Turns: 9298, Time: 01:01:37

Health: -4/135     AC: 25    Str: 24    XL:     10   Next: 64%
Magic:  10/10      EV:  2    Int:  8    God:    Trog [****..]
Gold:   348        SH:  0    Dex:  8    Spells: 0 memorised, 9 levels left

rFire  + . .     SeeInvis .     i - +8 falchion "Bemeg" {slice, *Rage rElec rPois rC+}
rCold  + . .     Gourm    .     (armour unavailable)
rNeg   + + +     Faith    .     (no shield)
rPois  +         Spirit   .     (helmet currently unavailable)
rElec  +         Reflect  .     (cloak currently unavailable)
rCorr  .         Harm     .     (gloves currently unavailable)
MR     +....     Rnd*Rage +     (boots currently unavailable)
Stlth  ++........ NoTele   +    (no amulet)
                                d - ring of protection from fire
                                y - +5 ring of strength

@: exhausted, short of breath, tree-form, slowed, very slow
A: (breathe lightning), unfitting armour, clumsy 1, magic resistance 1,
screaming 1, (electricity resistance), slow regeneration 1, weak 2, wild magic
1, (cold-blooded), AC +7
a: Berserk, Trog's Hand, Brothers in Arms, Burn Spellbooks, Renounce Religion


You were on level 8 of the Dungeon.
You worshipped Trog.
Trog was greatly pleased with you.
You were hungry.
You were a tree.
You visited 1 branch of the dungeon, and saw 8 of its levels.

You collected 348 gold pieces.

Inventory:

Hand Weapons
 i - the +8 falchion "Bemeg" (weapon) {slice, *Rage rElec rPois rC+}
   (You found it on level 8 of the Dungeon)

   It inflicts extra damage upon your enemies.
   It protects you from cold.
   It insulates you from electricity.
   It protects you from poison.
   It may make you go berserk in combat.
 k - a +6 falchion of protection
 r - a +0 dagger of draining
 B - a +2 dire flail of crushing
Missiles
 c - 68 stones
 g - 29 sling bullets
 t - 2 needles of confusion
 D - 7 tomahawks (quivered)
Armour
 a - a +2 pair of boots (melded)
 A - a +1 cloak (melded)
Jewellery
 d - a ring of protection from fire (right branch)
 f - an uncursed ring of poison resistance
 h - a +2 ring of dexterity
 y - a +5 ring of strength (left branch)
Wands
 s - a wand of random effects (20/48)
 v - a wand of digging (7/24)
 x - a wand of iceblast (12/15)
Scrolls
 e - a scroll of teleportation
 m - 4 scrolls of remove curse
 o - 2 scrolls of enchant weapon
 w - 2 scrolls of identify
 F - a scroll of holy word {unknown}
 G - a scroll of blinking
Potions
 j - a potion of might
 u - 2 potions of lignification
 z - 4 potions of curing
Comestibles
 b - 4 bread rations
 l - a fruit
 p - 3 meat rations
 q - a chunk of flesh


   Skills:
 + Level 8.9 Fighting
 + Level 3.8 Long Blades
   Level 10.8 Polearms
 + Level 2.1 Throwing
 + Level 7.7 Dodging
 + Level 3.3 Stealth


You had 9 spell levels left.
You didn't know any spells.

Dungeon Overview and Level Annotations

Branches:
Dungeon (8/15)             Temple (0/1) D:5
   Lair: D:8-11

Altars:
Ashenzari
Dithmenos
Kikubaaqudgha
Sif Muna
Trog
Zin

Shops:
D:4 ?   D:6 *   D:7 (   D:8 [


Innate Abilities, Weirdness & Mutations

((You can breathe wild blasts of lightning.))
((Your glossy black scales are hard. (AC +7)))
You cannot fit into any form of body armour.
((You are resistant to electric shocks. (rElec)))
((You are cold-blooded and may be slowed by cold attacks.))
You are clumsy. (Dex -2)
You are resistant to hostile enchantments. (MR+)
You occasionally shout uncontrollably at your foes.
You regenerate slowly when monsters are visible.
You are very weak. (Str -4)
Your spells are a little harder to cast, but a little more powerful.


Message History

Trog accepts your kill. The ogre hits you with a giant club!!!
* * * LOW HITPOINT WARNING * * *
The kobold completely misses you. The ogre barely misses you.
You riposte.
You slash the ogre!
The ogre is heavily wounded.
The kobold hits you with an uncursed short sword.
* * * LOW HITPOINT WARNING * * *
You feel much better. The ogre misses you.
The kobold throws a stone.
The stone hits you but does no damage. The kobold closely misses you.
You riposte.
You hit the kobold but do no damage. The kobold hits you but does no damage.
The ogre hits you with a giant club.
* * * LOW HITPOINT WARNING * * *
The kobold throws a stone.
The stone barely misses you.
You turn into a tree.
Your +1 cloak melds into your body.
Your +2 pair of boots melds into your body.
Your roots penetrate the ground.
The kobold hits you.
* * * LOW HITPOINT WARNING * * *
The kobold hits you but does no damage. The ogre hits you with a giant club!!
You die...

##...## ##.......#
#....# ##.K.......
##...###..........
#..).#...........
##...............
####.............#
#........K.......#
#.......O)K.....#
#.......K♣......#
#..............##
##.............#
##..<..........#
#..#####.(.....#
#..# ####.....#
#.## ###... ##.#
#.. #<##


You could see an ogre (berserk) and 4 kobolds.

Vanquished Creatures
  Pikel (D:5)
  The ghost of Nuatha the Gouger, a novice FeWn of Nemelex Xobeh (D:7)
  A hippogriff (D:7)
  Grinder (D:4)
  Sigmund (D:5)
  Grum (D:8)
  Eustachio (D:4)
  Menkaure (D:5)
  Edmund (D:5)
  3 ice beasts
  2 orc warriors
  6 sky beasts
  3 slaves (D:5)
  A black bear (D:6)
  2 phantoms
  4 wolves (D:8)
  5 centaurs
  A bullfrog (D:7)
  The ghost of Nuatha the Sneak, an amateur SpAK of Lugonu (D:3)
  A gnoll sergeant (D:5)
  A scorpion (D:7)
  2 vampire bats (D:2)
  4 howler monkeys
  3 crimson imps
  A gnoll shaman (D:6)
  A jelly (D:6)
  A bullfrog zombie (D:5)
  8 hounds
  4 orc wizards
  An iguana (D:6)
  Crazy Yiuf (D:5)
  2 centaur skeletons
  Natasha (twice) (D:4)
  3 worker ants
  2 hound zombies (D:5)
  A hound skeleton (D:4)
  Robin (D:2)
  9 gnolls
  5 adders
  2 oozes
  2 adder zombies
  6 worms
  5 dart slugs
  2 leopard geckos
  24 orcs
  A bat skeleton (D:2)
  5 bat zombies (D:2)
  6 giant cockroaches
  16 goblins
  14 hobgoblins
  14 jackals
  6 quokkas
  15 bats
  6 frilled lizards
  8 kobolds
  25 rats
247 creatures vanquished.

Vanquished Creatures (collateral kills)
  Gastronok (D:8)
  An ogre (D:8)
  A big kobold (D:8)
  A jelly (D:7)
  A worker ant (D:8)
  A kobold (D:8)
6 creatures vanquished.

Vanquished Creatures (others)
  A human (D:7)
  A worm (D:5)
2 creatures vanquished.

Grand Total: 255 creatures vanquished

Notes
Turn   | Place    | Note
-------+----------+-------------------------------------------
     0 | D:1      | jerryfan the Draconian Berserker began the quest for the Orb.
     0 | D:1      | Reached XP level 1. HP: 19/19 MP: 1/1
    93 | D:1      | Reached XP level 2. HP: 25/26 MP: 2/2
   510 | D:1      | Reached XP level 3. HP: 33/33 MP: 3/3
   780 | D:1      | Reached ** piety under Trog
  1142 | D:2      | Noticed Robin
  1166 | D:2      | Killed Robin
  1166 | D:2      | Reached XP level 4. HP: 20/40 MP: 4/4
  1305 | D:2      | Upgraded the game from 0.19-a0-1882-gbb73ea0 to 0.19-a0-1907-gcff654f
  1325 | D:2      | Gained mutation: Your mind is acute. (Int +2) [potion of mutation]
  1325 | D:2      | Gained mutation: Your flesh is heat resistant. (rF+) [potion of mutation]
  1325 | D:2      | Lost mutation: Your flesh is heat resistant. (rF+) [potion of mutation]
  1435 | D:2      | Found an ancient bone altar of Kikubaaqudgha.
  1447 | D:2      | Reached skill level 4 in Polearms
  1449 | D:2      | Reached XP level 5. HP: 40/46 MP: 5/5
  1613 | D:2      | Reached *** piety under Trog
  2328 | D:3      | Noticed Nuatha's ghost (amateur SpAK)
  2353 | D:3      | Killed Nuatha's ghost
  2353 | D:3      | Reached skill level 5 in Polearms
  2353 | D:3      | Reached XP level 6. HP: 30/53 MP: 6/6
  2440 | D:3      | Reached **** piety under Trog
  2721 | D:3      | Found a shadowy altar of Dithmenos.
  2733 | D:3      | Reached skill level 1 in Stealth
  2788 | D:4      | Reached skill level 1 in Throwing
  2810 | D:4      | Noticed Eustachio
  2852 | D:4      | Killed Eustachio
  2852 | D:4      | Reached skill level 5 in Fighting
  2852 | D:4      | Your scales start taking on a glossy black colour.
  2852 | D:4      | Reached XP level 7. HP: 61/61 MP: 7/7
  2852 | D:4      | Gained mutation: You are resistant to electric shocks. (rElec) [Black Draconian growth]
  2968 | D:4      | Noticed Natasha
  2975 | D:4      | Killed Natasha
  2975 | D:4      | Reached skill level 6 in Polearms
  3405 | D:4      | Noticed Grinder
  3526 | D:4      | Received a gift from Trog
  3528 | D:4      | Killed Grinder
  3740 | D:4      | Noticed Natasha
  3747 | D:4      | Killed Natasha
  3789 | D:4      | Found Muunkoku's Magic Scroll Shoppe.
  3815 | D:5      | Entered Level 5 of the Dungeon
  3829 | D:5      | Found a runed door.
  3833 | D:5      | Noticed Crazy Yiuf
  3844 | D:5      | Killed Crazy Yiuf
  3924 | D:5      | Noticed Sigmund
  3934 | D:5      | Killed Sigmund
  3934 | D:5      | Reached skill level 7 in Polearms
  3934 | D:5      | Reached skill level 5 in Dodging
  3934 | D:5      | Reached XP level 8. HP: 55/69 MP: 8/8
  4162 | D:5      | Noticed Edmund
  4201 | D:5      | Killed Edmund
  4495 | D:5      | Noticed Menkaure
  4496 | D:5      | Noticed Pikel
  4521 | D:5      | Killed Menkaure
  4521 | D:5      | Reached skill level 8 in Polearms
  4528 | D:5      | Killed Pikel
  4891 | D:5      | Reached XP level 9. HP: 78/78 MP: 9/9
  4921 | D:5      | Reached skill level 9 in Polearms
  5007 | D:5      | Reached ***** piety under Trog
  5211 | D:5      | Found a deep blue altar of Sif Muna.
  5284 | D:5      | Found a staircase to the Ecumenical Temple.
  5485 | D:5      | Gained mutation: You are clumsy. (Dex -2) [mutagenic meat]
  5486 | D:5      | Gained mutation: You are resistant to hostile enchantments. (MR+) [mutagenic meat]
  6118 | D:6      | Found Zin's Purification Station.
  6129 | D:6      | Found a glowing silver altar of Zin.
  6871 | D:7      | Found Kutwuekk's Weapon Emporium.
  6887 | D:6      | Reached skill level 10 in Polearms
  7472 | D:7      | Found a shattered altar of Ashenzari.
  7514 | D:7      | Noticed Nuatha's ghost (novice FeWn)
  7603 | D:7      | Gained mutation: You occasionally shout uncontrollably at your foes. [mutagenic meat]
  7604 | D:7      | Gained mutation: You are weak. (Str -2) [mutagenic meat]
  7606 | D:7      | Gained mutation: Your spells are a little harder to cast, but a little more powerful. [mutagenic meat]
  7876 | D:7      | Found an ancient bone altar of Kikubaaqudgha.
  8022 | D:7      | Received a gift from Trog
  8053 | D:7      | Reached XP level 10. HP: 86/88 MP: 10/10
  8063 | D:7      | Gained mutation: You are very weak. (Str -4) [mutagenic meat]
  8064 | D:7      | Gained mutation: You regenerate slowly when monsters are visible. [mutagenic meat]
  8065 | D:7      | Gained mutation: You are very clumsy. (Dex -4) [mutagenic meat]
  8181 | D:7      | Killed Nuatha's ghost
  8258 | D:7      | Found a bloodstained altar of Trog.
  8570 | D:7      | Lost mutation: You are very clumsy. (Dex -4) [potion of mutation]
  8570 | D:7      | Gained mutation: Your body sometimes deteriorates upon taking damage. [potion of mutation]
  8571 | D:7      | Lost mutation: Your body sometimes deteriorates upon taking damage. [potion of mutation]
  8571 | D:7      | Lost mutation: Your mind is acute. (Int +2) [potion of mutation]
  8714 | D:7      | Reached skill level 1 in Long Blades
  8846 | D:8      | Noticed Grum
  8882 | D:8      | Noticed Gastronok
  8953 | D:8      | Found Ahaiwn's Antique Armour Emporium.
  8992 | D:8      | Killed Gastronok
  9045 | D:8      | Killed Grum
  9252 | D:8      | Got an iridescent falchion
  9253 | D:8      | Identified the +8 falchion "Bemeg" {slice, *Rage rElec rPois rC+} (You found it on level 8 of the Dungeon)
  9296 | D:8      | HP: 4/90 [kobold/uncursed short sword (1)]
  9298 | D:8      | Slain by an ogre

Vault maps used:
D:1:      dpeg_arrival_pond, minmay_small_reverse_x
D:2:      kennysheep_vampire_church, uniq_robin
D:3:      lemuel_upstairs_altar, minmay_rat_hole
D:4:      first_bread, serial_shops, shop, uniq_grinder, uniq_natasha,
          uniq_eustachio
D:5:      tgw_sif, serial_curves, eino_curves_01, eino_curves_01, uniq_menkaure,
          uniq_pikel, uniq_edmund, uniq_crazy_yiuf_cottage, uniq_sigmund
D:6:      zin_purify, hangedman_glass_teeth, hangedman_decor_push
D:7:      kennysheep_six_static_rooms, overflow_temple_1_default,
          lemuel_coloured_pillars_altar, serial_shops, shop, tgw_kikubaaqudgha
D:8:      cheibrodos_shockbox, serial_shops, nicolae_shop_behind_doors,
          uniq_joseph, uniq_grum, uniq_gastronok

Skill      XL: |  1  2  3  4  5  6  7  8  9 10 |
---------------+-------------------------------+-----
Dodging        | 3 4 5 6 7 |  7.7
Fighting       | 4 5 6 8 |  8.9
Polearms       | 4 5 7 8 10 | 10.8
Stealth        | 1 2 3 |  3.3
Throwing       | 1 2 |  2.1
Long Blades    | 3 |  3.8

Action                   |  1- 3 |  4- 6 |  7- 9 | 10-12 || total
-------------------------+-------+-------+-------+-------++-------
Melee: Spear             |   144 |   312 |   519 |       ||   975
       Tailslap          |    20 |    19 |    85 |    16 ||   140
       Falchion          |       |       |     6 |    93 ||    99
Throw: Stone             |     7 |    10 |     9 |       ||    26
       Tomahawk          |       |       |       |     1 ||     1
Invok: Berserk           |     1 |     2 |     3 |     1 ||     7
       Burn Spellbooks   |       |       |     1 |     1 ||     2
       Trog's Hand       |       |       |     1 |     1 ||     2
       Brothers in Arms  |       |       |       |     3 ||     3
 Abil: Breathe Lightning |       |       |    13 |     5 ||    18
  Use: Potion            |     4 |     7 |     6 |     4 ||    21
       Scroll            |     7 |     2 |     8 |     3 ||    20
 Stab: Invisible         |     1 |       |       |       ||     1
       Sleeping          |       |     2 |     3 |       ||     5
  Eat: Chunk             |     1 |     8 |    19 |     8 ||    36
       Beef jerky        |       |       |     2 |       ||     2
       Bread ration      |       |       |     1 |       ||     1
       Pizza             |       |       |     1 |     1 ||     2
       Royal jelly       |       |       |     1 |       ||     1
       Fruit             |       |       |       |     1 ||     1
Armor: Skin              |    55 |   117 |   115 |    63 ||   350
Dodge: Dodged            |    88 |   196 |   265 |   133 ||   682
       Rpst.: Falchion   |       |       |     4 |    31 ||    35
